[Event "Caplin Hastings Masters 2023-24"]
[Site "Hastings"]
[Date "2023.12.31"]
[Round "4.36"]
[White "Thompson, Ian D"]
[Black "Byrn, Carsten"]
[Result "1-0"]
[ECO "A16"]
[WhiteElo "2011"]
[BlackElo "1823"]
[Annotator "NA RC"]
[PlyCount "75"]
[EventDate "2023.12.18"]
[EventType "swiss"]
[EventCountry "ENG"]
[SourceTitle "playchess.com"]
[Source "ChessBase"]
[SourceQuality "1"]
[TimeControl "40/6000+30:3000+30"]

1. c4 Nf6 2. Nc3 d5 3. cxd5 Nxd5 4. g3 g6 5. Bg2 Nxc3 6. bxc3 Bg7 7. Rb1 Nc6 8. Nf3 O-O 9. O-O b6 10. Qc2 Bb7 11. d3 e5 12. Rd1 Qe7 13. e4 Rfd8 14. Bg5 f6 15. Be3 Na5 16. Nd2 c5 17. Nb3 Nc6 18. a4 Bc8 19. d4 cxd4 20. cxd4 Nxd4 21. Nxd4 exd4 22. Rxd4 Rxd4 23. Bxd4 Be6 24. Bf1 Rc8 25. Qb2 f5 26. Re1 Bxd4 27. Qxd4 Qd7 28. Qb4 fxe4 29. Qxe4 Bd5 30. Qh4 Re8 31. Rd1 Qe6 32. Qd4 Bb3 33. Rd3 Ba2 34. Ra3 Qd5 35. Qc3 Re4 36. Qc8+ Kg7 37. Rxa2 Qxa2 38. Qb7+ 1-0

[Event "Caplin Hastings Masters 2023-24"]
[Site "Hastings"]
[Date "2023.12.31"]
[Round "4.37"]
[White "Larkin, Benjamin"]
[Black "ONUOHA, Obioma"]
[Result "1-0"]
[ECO "C43"]
[WhiteElo "1814"]
[BlackElo "1995"]
[Annotator "NA RC"]
[PlyCount "97"]
[EventDate "2023.12.18"]
[EventType "swiss"]
[EventCountry "ENG"]
[SourceTitle "playchess.com"]
[Source "ChessBase"]
[SourceQuality "1"]
[TimeControl "40/6000+30:3000+30"]

1. e4 e5 2. Nf3 Nf6 3. d4 Nxe4 4. Bd3 d5 5. Nxe5 Nd7 6. Nxd7 Bxd7 7. O-O Qh4 8. c4 O-O-O 9. c5 g5 10. Nc3 Nf6 11. Qf3 Bg7 12. Be3 Be6 13. b4 Ng4 14. h3 Nxe3 15. fxe3 g4 16. hxg4 h5 17. g5 Qxg5 18. Bf5 h4 19. Nxd5 h3 20. g4 Rxd5 21. Qxd5 Qxe3+ 22. Kh1 Rd8 23. Rae1 Rxd5 24. Rxe3 Rxf5 25. gxf5 Bd5+ 26. Kh2 Bxd4 27. Rd1 Bxe3 28. Rxd5 c6 29. Rd3 Bg5 30. Kxh3 Kc7 31. Kg4 Be7 32. Rh3 Kd7 33. Ra3 a6 34. Rh3 Bf6 35. Kf4 Kd8 36. Ke4 Ke7 37. Kd3 Bb2 38. Kc4 Be5 39. a4 Kf6 40. Rd3 Ke7 41. b5 axb5+ 42. axb5 Bc7 43. Ra3 cxb5+ 44. Kxb5 Bb8 45. Ra8 Bh2 46. Ra7 Kf6 47. Rxb7 Bg3 48. c6 Kxf5 49. Rxf7+ 1-0

[Event "Caplin Hastings Masters 2023-24"]
[Site "Hastings"]
[Date "2023.12.31"]
[Round "4.38"]
[White "Gibbs, Dominic V"]
[Black "Sugden, John N"]
[Result "1/2-1/2"]
[ECO "D42"]
[WhiteElo "1795"]
[BlackElo "1968"]
[Annotator "RC"]
[PlyCount "54"]
[EventDate "2023.12.18"]
[EventType "swiss"]
[EventCountry "ENG"]
[SourceTitle "playchess.com"]
[Source "ChessBase"]
[SourceQuality "1"]
[TimeControl "40/6000+30:3000+30"]

1. e4 c6 2. d4 d5 3. exd5 cxd5 4. c4 Nf6 5. Nc3 e6 6. Nf3 Bb4 7. cxd5 Nxd5 8. Bd2 Nc6 9. Bd3 Nf6 10. Bg5 Be7 11. O-O O-O 12. Re1 b6 13. Qe2 Bb7 14. Rad1 Nb4 15. Bb1 Nbd5 16. a3 Rc8 17. Qd3 g6 18. Ne5 Nh5 19. Bxe7 Qxe7 20. Nxd5 Bxd5 21. Qe3 Rfd8 22. Rc1 Nf6 23. Rxc8 Rxc8 24. Rc1 Rxc1+ 25. Qxc1 Qb7 26. f3 Kg7 27. Kf2 Ng8 1/2-1/2

[Event "Caplin Hastings Masters 2023-24"]
[Site "Hastings"]
[Date "2023.12.31"]
[Round "4.39"]
[White "Pert, Max"]
[Black "Howell, Oliver W"]
[Result "1-0"]
[ECO "D00"]
[WhiteElo "1950"]
[BlackElo "1782"]
[Annotator "RC"]
[PlyCount "91"]
[EventDate "2023.12.18"]
[EventType "swiss"]
[EventCountry "ENG"]
[SourceTitle "playchess.com"]
[Source "ChessBase"]
[SourceQuality "1"]
[TimeControl "40/6000+30:3000+30"]

1. d4 d5 2. Bf4 Nf6 3. Nc3 c6 4. e3 Bf5 5. f3 e6 6. g4 Bg6 7. h4 h5 8. g5 Ng8 9. Bd3 Bxd3 10. Qxd3 Bd6 11. g6 f6 12. Nh3 Ne7 13. O-O-O Na6 14. a3 Qc7 15. Bxd6 Qxd6 16. e4 O-O-O 17. f4 dxe4 18. Nxe4 Qd5 19. c4 Qd7 20. Ng1 Nf5 21. Ne2 Rh6 22. Rhg1 Nxh4 23. c5 Nf5 24. N2g3 Qxd4 25. Nxf5 Qxd3 26. Rxd3 exf5 27. Rxd8+ Kxd8 28. Nd6 Ke7 29. Nxf5+ Kf8 30. Nxh6 gxh6 31. b4 Nc7 32. Rd1 Ne6 33. f5 Ng7 34. Rd8+ Ke7 35. Rb8 h4 36. Rxb7+ Kf8 37. Rf7+ Kg8 38. Rxf6 h3 39. Rd6 Nxf5 40. Rd3 Kg7 41. Rxh3 Kxg6 42. b5 cxb5 43. c6 h5 44. c7 Ne7 45. Re3 Nc8 46. Re8 1-0

[Event "Caplin Hastings Masters 2023-24"]
[Site "Hastings"]
[Date "2023.12.31"]
[Round "4.40"]
[White "Batchelor, Paul A"]
[Black "Wilson, Matthew R"]
[Result "1-0"]
[ECO "D36"]
[WhiteElo "1937"]
[BlackElo "1771"]
[Annotator "RC"]
[PlyCount "89"]
[EventDate "2023.12.18"]
[EventType "swiss"]
[EventCountry "ENG"]
[SourceTitle "playchess.com"]
[Source "ChessBase"]
[SourceQuality "1"]
[TimeControl "40/6000+30:3000+30"]

1. d4 d5 2. c4 e6 3. Nc3 Nf6 4. cxd5 exd5 5. Bg5 c6 6. Qc2 Be7 7. e3 Nbd7 8. Bd3 h6 9. Bf4 a5 10. h3 O-O 11. Nf3 Re8 12. O-O Nf8 13. Ne5 Be6 14. Bg3 Rc8 15. f4 Bd7 16. a4 Qc7 17. Rfc1 Qb6 18. Be1 c5 19. Qf2 cxd4 20. exd4 Bc6 21. Bd2 Bb4 22. Be3 Qd8 23. Kh1 Qe7 24. Bd2 Bxc3 25. Bxc3 Ne4 26. Bxe4 dxe4 27. Bxa5 Bd5 28. Qe3 h5 29. f5 Nd7 30. Bc3 Nf6 31. Be1 Nd7 32. Bg3 Nb6 33. a5 Rxc1+ 34. Rxc1 Nc8 35. Nc4 Qb4 36. Qc3 Qxc3 37. Rxc3 Bxc4 38. Rxc4 Ne7 39. Rc5 Nc6 40. d5 Nd4 41. d6 Kh7 42. d7 Rd8 43. Rd5 Nxf5 44. Bc7 e3 45. Kg1 1-0

[Event "Caplin Hastings Masters 2023-24"]
[Site "Hastings"]
[Date "2023.12.31"]
[Round "4.41"]
[White "Honey, Luke Anthony"]
[Black "Park, Inchan"]
[Result "1/2-1/2"]
[ECO "B03"]
[WhiteElo "1907"]
[BlackElo "1768"]
[Annotator "RC"]
[PlyCount "121"]
[EventDate "2023.12.18"]
[EventType "swiss"]
[EventCountry "ENG"]
[SourceTitle "playchess.com"]
[Source "ChessBase"]
[SourceQuality "1"]
[TimeControl "40/6000+30:3000+30"]

1. e4 Nf6 2. e5 Nd5 3. d4 d6 4. c4 Nb6 5. f4 dxe5 6. fxe5 Nc6 7. Be3 Bf5 8. Nc3 e6 9. Nf3 Be7 10. Be2 O-O 11. O-O f6 12. exf6 Bxf6 13. Qd2 Qe7 14. Rad1 Rad8 15. Qc1 e5 16. dxe5 Nxe5 17. c5 Ng4 18. Rxd8 Rxd8 19. cxb6 Qxe3+ 20. Qxe3 Nxe3 21. bxc7 Rc8 22. Re1 Rxc7 23. Nb5 Re7 24. Nxa7 Kf8 25. Kf2 Bxb2 26. Nb5 Ng4+ 27. Kg3 h5 28. Nbd4 Bd7 29. Rb1 Ba3 30. h3 Bd6+ 31. Kh4 Nf6 32. Bd3 Re3 33. Bg6 Bf4 34. Rxb7 Ra3 35. Rb2 Ke7 36. Re2+ Kd8 37. Rc2 Ke7 38. Ne2 Bd6 39. Nc3 Bf4 40. Re2+ Kd8 41. Ne4 Bb5 42. Rb2 Nxe4 43. Rxb5 Bg3+ 44. Kxh5 Nf6+ 45. Kg5 Rxa2 46. Rb7 Rxg2 47. Rxg7 Be5+ 48. Kf5 Bc3 49. Rf7 Rf2 50. Kf4 Nd7 51. Bh5 Ne5 52. Rf8+ Ke7 53. Rc8 Bd4 54. Re8+ Kf6 55. Rf8+ Kg7 56. Rf5 Nxf3 57. Bxf3 Ra2 58. Kg4 Bf6 59. Rf4 Rd2 60. h4 Rd4 61. Rxd4 1/2-1/2

[Event "Caplin Hastings Masters 2023-24"]
[Site "Hastings"]
[Date "2023.12.31"]
[Round "4.42"]
[White "Han, Qixuan"]
[Black "Steiners, Emils"]
[Result "0-1"]
[ECO "A06"]
[WhiteElo "1603"]
[BlackElo "1993"]
[Annotator "RC"]
[PlyCount "126"]
[EventDate "2023.12.18"]
[EventType "swiss"]
[EventCountry "ENG"]
[SourceTitle "playchess.com"]
[Source "ChessBase"]
[SourceQuality "1"]
[TimeControl "40/6000+30:3000+30"]

1. b3 d5 2. Bb2 e6 3. Nf3 Nf6 4. c4 c6 5. e3 Nbd7 6. d4 b6 7. cxd5 exd5 8. Nc3 Be7 9. Be2 O-O 10. O-O Bb7 11. Rc1 Rc8 12. Qd2 Bd6 13. Bd3 Re8 14. Qc2 Qe7 15. Nd2 Bb8 16. e4 c5 17. e5 cxd4 18. exf6 Qd6 19. Bxh7+ Kh8 20. fxg7+ Kxg7 21. Nf3 dxc3 22. Bxc3+ d4 23. Bxd4+ Kf8 24. Qb2 Rxc1 25. Bg7+ Ke7 26. Qxc1 Bxf3 27. Qg5+ f6 28. Qh6 Bc6 29. Qh5 Kd8 30. Bh6 Qxh2+ 31. Qxh2 Bxh2+ 32. Kxh2 Rh8 33. Rc1 Rxh7 34. Rxc6 Rxh6+ 35. Kg1 Rh5 36. b4 Rd5 37. Rc3 Rd1+ 38. Kh2 Ne5 39. Ra3 Rd3 40. Rxd3+ Nxd3 41. Kg3 Nxb4 42. a3 Nc2 43. a4 a5 44. Kf4 Ne1 45. g4 Nd3+ 46. Ke3 Nc5 47. f4 Nxa4 48. g5 fxg5 49. fxg5 Ke7 50. Kd3 Nc5+ 51. Kc4 Kf7 52. Kb5 Kg6 53. Kxb6 a4 54. Kxc5 a3 55. Kd4 a2 56. Ke4 a1=Q 57. Kf4 Qe1 58. Kg4 Qf1 59. Kh4 Qf4+ 60. Kh3 Kxg5 61. Kg2 Kg4 62. Kg1 Kg3 63. Kh1 Qc1# 0-1

[Event "Caplin Hastings Masters 2023-24"]
[Site "Hastings"]
[Date "2023.12.31"]
[Round "4.43"]
[White "Binks, Michael"]
[Black "Damodaran, Patrick"]
[Result "0-1"]
[ECO "E60"]
[WhiteElo "2035"]
[BlackElo "1798"]
[Annotator "RC"]
[PlyCount "40"]
[EventDate "2023.12.18"]
[EventType "swiss"]
[EventCountry "ENG"]
[SourceTitle "playchess.com"]
[Source "ChessBase"]
[SourceQuality "1"]
[TimeControl "40/6000+30:3000+30"]

1. d4 Nf6 2. Nf3 g6 3. e3 Bg7 4. Bd3 O-O 5. O-O d6 6. c4 Re8 7. e4 e5 8. d5 a5 9. h3 Nbd7 10. Be3 Nh5 11. Nc3 Nc5 12. Bc2 Nf4 13. Ne2 g5 14. Nxf4 exf4 15. Bxc5 dxc5 16. Qd3 Ra6 17. e5 Rh6 18. Rfe1 g4 19. hxg4 Bxg4 20. Nh2 Qh4 0-1

[Event "Caplin Hastings Masters 2023-24"]
[Site "Hastings"]
[Date "2023.12.31"]
[Round "4.44"]
[White "Flynn, David"]
[Black "Gordon, Sean"]
[Result "1-0"]
[ECO "B21"]
[WhiteElo "1791"]
[BlackElo "1968"]
[Annotator "RC"]
[PlyCount "69"]
[EventDate "2023.12.18"]
[EventType "swiss"]
[EventCountry "ENG"]
[SourceTitle "playchess.com"]
[Source "ChessBase"]
[SourceQuality "1"]
[TimeControl "40/6000+30:3000+30"]

1. e4 c5 2. Nc3 e6 3. f4 d5 4. Nf3 dxe4 5. Nxe4 Nf6 6. Nxf6+ Qxf6 7. g3 Nc6 8. Bg2 Bd6 9. O-O O-O 10. Qe2 e5 11. fxe5 Nxe5 12. Nxe5 Qxe5 13. Qxe5 Bxe5 14. d3 Rb8 15. Bf4 Bxf4 16. Rxf4 Be6 17. a3 g5 18. Re4 b6 19. Rae1 Kg7 20. h4 h6 21. hxg5 hxg5 22. Re5 Kf6 23. Bd5 Bxd5 24. Rxd5 Rb7 25. Ree5 Rg8 26. Rf5+ Ke6 27. Rxg5 Rxg5 28. Rxg5 f6 29. Rg8 Kf5 30. Kg2 Rh7 31. Re8 Kg5 32. b3 Kf5 33. a4 Kg5 34. a5 Rd7 35. a6 1-0

[Event "Caplin Hastings Masters 2023-24"]
[Site "Hastings"]
[Date "2023.12.31"]
[Round "4.45"]
[White "Butt, Laurence"]
[Black "Moracchini, Margaux"]
[Result "0-1"]
[ECO "D01"]
[WhiteElo "1688"]
[BlackElo "1922"]
[Annotator "NA RC"]
[PlyCount "84"]
[EventDate "2023.12.18"]
[EventType "swiss"]
[EventCountry "ENG"]
[SourceTitle "playchess.com"]
[Source "ChessBase"]
[SourceQuality "1"]
[TimeControl "40/6000+30:3000+30"]

1. d4 Nf6 2. Bg5 d5 3. Nc3 h6 4. Bf4 c5 5. e3 Qa5 6. Bxb8 Rxb8 7. Bb5+ Bd7 8. Bxd7+ Nxd7 9. dxc5 e6 10. a3 Qxc5 11. Nge2 Nf6 12. O-O Bd6 13. b4 Qc6 14. Qd3 Rc8 15. Rac1 O-O 16. Rfd1 Rfd8 17. Nb5 Bb8 18. c4 a6 19. Nbd4 Qc7 20. c5 Qxh2+ 21. Kf1 Qh1+ 22. Ng1 Ng4 23. Nde2 Nh2+ 24. Ke1 Qxg2 25. Kd2 Qxf2 26. Kc3 Ng4 27. Kb3 Qxe3 28. a4 Qxd3+ 29. Rxd3 Ne5 30. Rdd1 g5 31. Nd4 Nc4 32. Ngf3 Bf4 33. Rxc4 dxc4+ 34. Kc2 e5 35. Nf5 Rxd1 36. Kxd1 Rd8+ 37. Kc2 e4 38. N3d4 e3 39. Nxh6+ Kg7 40. Nhf5+ Kf6 41. b5 axb5 42. axb5 e2 0-1

[Event "Caplin Hastings Masters 2023-24"]
[Site "Hastings"]
[Date "2023.12.31"]
[Round "4.47"]
[White "Dewangan, Aayush"]
[Black "Prudent, Sylvio"]
[Result "1-0"]
[ECO "B08"]
[WhiteElo "1655"]
[BlackElo "1639"]
[Annotator "NA RC"]
[PlyCount "57"]
[EventDate "2023.12.18"]
[EventType "swiss"]
[EventCountry "ENG"]
[SourceTitle "playchess.com"]
[Source "ChessBase"]
[SourceQuality "1"]
[TimeControl "40/6000+30:3000+30"]

1. e4 d6 2. d4 Nf6 3. Nc3 g6 4. Nf3 Bg7 5. Be2 O-O 6. O-O Bg4 7. h3 Bxf3 8. Bxf3 c6 9. Bf4 Nbd7 10. e5 Ne8 11. Qe2 d5 12. Qd2 Nc7 13. a4 Ne6 14. Bh2 Re8 15. Be2 f6 16. f4 Qb6 17. Rfd1 fxe5 18. fxe5 Nxe5 19. Kh1 Nf7 20. Bg4 Bh6 21. Qd3 Nf4 22. Qf3 e5 23. a5 Qd8 24. Rf1 e4 25. Qf2 e3 26. Qf3 e2 27. Nxe2 Nxe2 28. Qxf7+ Kh8 29. Bxe2 1-0

[Event "Caplin Hastings Masters 2023-24"]
[Site "Hastings"]
[Date "2023.12.31"]
[Round "4.48"]
[White "Metcalfe, Charlie P"]
[Black "Kim, Sumin"]
[Result "1-0"]
[ECO "D45"]
[WhiteElo "1760"]
[BlackElo "1358"]
[Annotator "NA RC"]
[PlyCount "57"]
[EventDate "2023.12.18"]
[EventType "swiss"]
[EventCountry "ENG"]
[SourceTitle "playchess.com"]
[Source "ChessBase"]
[SourceQuality "1"]
[TimeControl "40/6000+30:3000+30"]

1. d4 d5 2. c4 e6 3. Nc3 c6 4. Nf3 Nf6 5. e3 a6 6. Qc2 Bd6 7. c5 Bc7 8. e4 dxe4 9. Nxe4 Nd5 10. Bd2 Nd7 11. Bd3 N7f6 12. O-O O-O 13. Nxf6+ Nxf6 14. Bg5 h6 15. Bh4 Bd7 16. Rad1 Bf4 17. Ne5 Qc7 18. Qe2 Bxe5 19. dxe5 Nd5 20. Qe4 g6 21. Bb1 b6 22. Rd3 f5 23. exf6 Kh7 24. Rxd5 Be8 25. Rd6 bxc5 26. Rfd1 Rc8 27. Rd7+ Bxd7 28. Qxg6+ Kh8 29. Qg7# 1-0

[Event "Caplin Hastings Masters 2023-24"]
[Site "Hastings"]
[Date "2024.01.01"]
[Round "5.1"]
[White "Zhang, Pengxiang"]
[Black "Laurent-Paoli, Pierre"]
[Result "1-0"]
[ECO "B33"]
[WhiteElo "2558"]
[BlackElo "2524"]
[Annotator "TA"]
[PlyCount "77"]
[EventDate "2023.12.18"]
[EventType "swiss"]
[EventCountry "ENG"]
[SourceTitle "playchess.com"]
[Source "ChessBase"]
[SourceQuality "1"]
[TimeControl "40/6000+30:3000+30"]

1. e4 c5 2. Nf3 e6 3. d4 cxd4 4. Nxd4 Nc6 5. Nc3 Nf6 6. Ndb5 d6 7. Bf4 e5 8. Bg5 a6 9. Na3 b5 10. Nd5 Be7 11. Bxf6 Bxf6 12. c3 Rb8 13. Nc2 Bg5 14. a4 {[%emt 0:08:25] 14.Ncb4 injects fresh life into this line.} bxa4 {[%emt 0:00:35] B33: Sicilian: Pelikan and Sveshnikov Variations.} 15. Ncb4 (15. Nce3 $5 ) 15... Nxb4 16. cxb4 O-O {[%emt 0:00:52] The position is equal.} 17. Rxa4 a5 18. h4 (18. Rxa5 $2 Rxb4 19. Ra4 Rxb2 $19) (18. bxa5 Rxb2 19. Qa1 Rc2 $17) 18... Bh6 19. b5 ({Weaker is} 19. Rxa5 Rxb4 20. Ra8 Rxe4+ 21. Be2 Rd4 $17) ({Much weaker is} 19. bxa5 Rxb2 20. Qa1 Rc2 $17) 19... Kh8 20. Be2 Bd7 21. Qb3 $5 {[%emt 0:09:50][%mdl 4] Leaves trodden paths.} Be6 22. g3 f5 {[%emt 0:03:16] [#]} 23. O-O $146 (23. exf5 $11 Rxf5 24. O-O) ({Predecessor (2):} 23. exf5 Rxf5 24. O-O e4 25. Rd4 g5 26. h5 Bg7 27. Qd1 Bxd4 28. Qxd4+ Re5 29. Ne3 Qb6 30. Qd2 {0-1 Arizmendi Martinez,J (2488)-Kuzubov,Y (2627) ESP-chT CECLUB Honor 2022 (7.2)}) 23... f4 (23... fxe4 $15 24. Rxe4 Qd7) 24. Qd1 (24. Qc3 $1 $11) 24... Qd7 ({Better is} 24... Bd7 $17) 25. Rxa5 $11 Qf7 26. Ra3 g5 27. h5 g4 $1 28. Bxg4 Bxd5 (28... fxg3 {feels hotter.} 29. Bxe6 gxf2+ 30. Kg2 Qxe6 31. Rxf2 Rg8+) 29. exd5 Rxb5 30. Be6 $36 {[%emt 0:00:05][%mdl 2048] White has the initiative.} Qg7 31. Qe2 (31. g4 $14) 31... Rb4 32. Rfa1 e4 33. Ra7 Qg5 {[%emt 0:08:41] Black is weak on the light squares} 34. g4 Bg7 $2 {[%emt 0:05:29] [#]} (34... e3 $1 $11 {and Black has nothing to worry.} 35. Ra8 Rbb8 36. Rxb8 Rxb8) 35. Ra8 $1 $18 {[%emt 0:00:08] Strongly threatening Rxf8+.} f3 $2 (35... e3) 36. Rxf8+ Bxf8 37. Qc2 {[%emt 0:00:04] White threatens Ra8 and mate.} Qf6 $2 (37... Rb8 38. Qxe4 Bh6 39. Qxf3 (39. Ra7 Qc1+ 40. Kh2 Bf4+) 39... Qf4) 38. Ra7 (38. Ra8 $142 {[%cal Oh5h6] White wants to mate with h6!} Kg7 39. Ra7+ Kh6 40. Qd2+ e3 41. Qxb4) 38... Rb8 39. Qc7 {[%emt 0:01:19] Repels Bg7.   Weighted Error Value: White=0.29 (precise) /Black=0.42} 1-0

[Event "Caplin Hastings Masters 2023-24"]
[Site "Hastings"]
[Date "2024.01.01"]
[Round "5.2"]
[White "Cherniaev, Alexander"]
[Black "Gasanov, Eldar"]
[Result "1/2-1/2"]
[WhiteElo "2381"]
[BlackElo "2487"]
[Annotator "TA"]
[PlyCount "24"]
[EventDate "2023.12.18"]
[EventType "swiss"]
[EventCountry "ENG"]
[SourceTitle "playchess.com"]
[Source "ChessBase"]
[SourceQuality "1"]
[TimeControl "40/6000+30:3000+30"]

1. e4 c5 2. c3 d5 3. exd5 Qxd5 4. Nf3 Nf6 5. d4 e6 6. a3 {[%emt 0:06:59] B22: Sicilian: 2 c3.} Be7 7. Be3 cxd4 8. cxd4 O-O {[%emt 0:02:58] 8...Nc6 is vanishing.} 9. Nc3 Qd6 10. Bd3 {[%emt 0:00:12] [#] An uneventful encounter.   Weighted Error Value: White=0.04 (flawless) /Black=0.03 (flawless)} {Predecessor:} Nc6 $146 11. O-O Nd5 12. Qc2 f5 {½-½ Larrea,M (2259)-Acosta,P (2479) Maldonado IM 3rd 2023 (9)} 1/2-1/2

[Event "Caplin Hastings Masters 2023-24"]
[Site "Hastings"]
[Date "2024.01.01"]
[Round "5.3"]
[White "Royal, Shreyas"]
[Black "Willow, Jonah B"]
[Result "1-0"]
[ECO "A06"]
[WhiteElo "2438"]
[BlackElo "2427"]
[Annotator "RC"]
[PlyCount "93"]
[EventDate "2023.12.18"]
[EventType "swiss"]
[EventCountry "ENG"]
[SourceTitle "playchess.com"]
[Source "ChessBase"]
[SourceQuality "1"]
[TimeControl "40/6000+30:3000+30"]

1. Nf3 d5 2. e3 Nf6 3. b3 c5 4. Bb2 a6 5. c4 e6 6. cxd5 exd5 7. g3 Nc6 8. Bg2 Bf5 9. d4 cxd4 10. Nxd4 Bb4+ 11. Bc3 Qa5 12. O-O Bxc3 13. Nxc3 Bg4 14. Qe1 Rd8 15. Rc1 Ne5 16. Rc2 O-O 17. h3 Bc8 18. Ne4 Qb6 19. Nxf6+ Qxf6 20. Qb4 h5 21. h4 Bf5 22. Nxf5 Qxf5 23. Rd2 b5 24. Rfd1 Rd7 25. Qf4 Qe6 26. Bxd5 Qe7 27. Qg5 Qxg5 28. hxg5 Rfd8 29. Kg2 Kf8 30. Rd4 a5 31. Bf3 Rxd4 32. Rxd4 Rxd4 33. exd4 Nd3 34. Be2 Ne1+ 35. Kf1 Nc2 36. d5 Ke7 37. Bxb5 Nb4 38. Bc4 Nxa2 39. d6+ Kxd6 40. Bxf7 Nc1 41. f4 Ke7 42. Bc4 g6 43. Kf2 Na2 44. Ke3 Nc3 45. Kd4 Nd1 46. Be2 Nf2 47. Ke3 1-0

[Event "Caplin Hastings Masters 2023-24"]
[Site "Hastings"]
[Date "2024.01.01"]
[Round "5.4"]
[White "Lagarde, Maxime"]
[Black "Derakhshani, Borna"]
[Result "1-0"]
[ECO "B30"]
[WhiteElo "2640"]
[BlackElo "2380"]
[Annotator "TA"]
[PlyCount "73"]
[EventDate "2023.12.18"]
[EventType "swiss"]
[EventCountry "ENG"]
[SourceTitle "playchess.com"]
[Source "ChessBase"]
[SourceQuality "1"]
[TimeControl "40/6000+30:3000+30"]

1. e4 c5 2. Nf3 Nc6 3. Bb5 e6 4. O-O Nge7 5. Re1 Ng6 6. c3 a6 {[%emt 0:00:16] B30: Sicilian: 2...Nc6 3 Bb5, lines without ...g6.} 7. Bxc6 bxc6 8. d4 cxd4 {[%emt 0:03:19] The position is equal.} 9. cxd4 Be7 {[%emt 0:03:57] [#]} 10. Nbd2 $146 ({Predecessor:} 10. g3 O-O 11. h4 h6 12. Nc3 Bb7 13. Be3 Rb8 14. h5 Nh8 15. Bf4 Rc8 16. a3 {0-1 Demchenko,A (2619)-Cordova,E (2538) Speed Chess Q2 Sw blitz 2023 (11)}) 10... O-O 11. Nb3 d5 12. e5 a5 13. Be3 Ba6 14. Rc1 Bc4 15. Nbd2 Bb5 16. g3 Qb6 17. h4 Rfc8 18. h5 Nf8 19. h6 {[%emt 0:01:29] hxg7 is the strong threat.} g6 ({Black should play} 19... Bd3 $1 $14) 20. Nb3 (20. Bg5 $1 $16 Bd8 21. a4) 20... Nd7 21. Nc5 $36 {[%emt 0:01:52][%mdl 2048] Prevents Ba4. White has good play.} Nxc5 22. dxc5 Qa6 {[%emt 0:01:22] Black is weak on the dark squares} ({Better is} 22... Qb7 $14) 23. Bg5 (23. a4 $1 $18 ) 23... Bf8 (23... Qb7 $142) 24. Nh2 ({White must play} 24. a4 $1 $16 ) 24... Rab8 25. Ng4 {[%emt 0:00:36] And now Nf6+ would win.} Rc7 26. Re3 a4 27. Bf6 (27. Nf6+ $16 Kh8 28. Ra3) 27... Rcb7 $11 28. Bg7 Bxg7 29. hxg7 h5 (29... Kxg7 $11 {remains equal.} 30. Qf3 h5) 30. Nf6+ $16 Kxg7 {[%emt 0:00:01] [#]} 31. g4 $1 {[%emt 0:02:11] White is much more active.} h4 {[%emt 0:00:16][%mdl 8192] [#]} (31... hxg4 $1 $11 {and Black has nothing to worry.} 32. Qxg4 Rh8) 32. Rh3 $1 $18 Rh8 (32... g5 33. Qd2 Kg6) 33. Qd2 Rbb8 34. Qg5 {[%emt 0:02:02][%cal Og1g2] Strongly threatening Kg2!} Qa7 35. Kg2 ({And not} 35. Rxh4 Rxh4 36. Qxh4 Rh8 $11) 35... Bf1+ 36. Rxf1 Qxc5 37. Nd7 {[%emt 0:00:51] Weighted Error Value: White=0.17 (very precise) /Black=0.59} (37. Rxh4 $142 Rxh4 {[%mdl 64] Remove Defender} 38. Qxh4 Rh8 39. Qxh8+ Kxh8 40. g5 Qd4 41. Rh1+ Qh4 42. Rxh4+ Kg7 43. Rh7+ Kf8 44. Rh8+ Kg7 45. Rg8#) 1-0

[Event "Caplin Hastings Masters 2023-24"]
[Site "Hastings"]
[Date "2024.01.01"]
[Round "5.5"]
[White "Arkell, Keith C"]
[Black "Gupta, Abhijeet"]
[Result "0-1"]
[ECO "D76"]
[WhiteElo "2371"]
[BlackElo "2596"]
[Annotator "TA"]
[PlyCount "78"]
[EventDate "2023.12.18"]
[EventType "swiss"]
[EventCountry "ENG"]
[SourceTitle "playchess.com"]
[Source "ChessBase"]
[SourceQuality "1"]
[TimeControl "40/6000+30:3000+30"]

1. Nf3 Nf6 2. c4 g6 3. Nc3 Bg7 4. d4 d5 5. cxd5 Nxd5 6. g3 Nb6 7. Bg2 Nc6 8. e3 O-O 9. O-O Re8 10. b3 e5 11. Nxe5 Nxe5 12. dxe5 Bxe5 {[%emt 0:00:04] [#] And now ...Qxd1 would win.} 13. Bb2 {[%emt 0:00:12] D76: Fianchetto Grünfeld: Main Line with 7...Nb6.} Qe7 14. Qe2 c6 15. Rac1 {[%emt 0:09:07] [#] The position is equal.} h5 $146 ({Predecessor:} 15... a5 16. Ne4 Bf5 17. Nc5 Bxb2 18. Qxb2 Red8 19. Rfd1 Rxd1+ 20. Rxd1 Qxc5 {0-1 Solon,N (2306)-Artemiev,V (2709) Titled Tuesday intern op 06th Apr blitz 2021 (5)}) 16. h3 a5 17. Rfd1 Be6 18. Rc2 Bg7 19. Rdd2 ({Better is} 19. Rcc1 $11) 19... a4 $15 20. Nxa4 Nxa4 21. bxa4 Rxa4 (21... Bxa2 $2 22. Bxg7 Bb3 23. Rb2 $18) 22. Bxg7 Kxg7 23. Rb2 Rea8 24. Rdc2 {[%emt 0:01:42] Black converts the advantage convincingly.} R8a7 25. Qd2 Qf6 26. e4 (26. h4 $142) 26... Qd4 $17 {[%emt 0:04:18] Black is more active.} 27. Qf4 (27. Qxd4+ $17 Rxd4 28. f4) 27... Rxa2 $19 28. Rxa2 $2 (28. Rd2 Qf6 29. Qxf6+ Kxf6 30. f4) 28... Rxa2 ({Inferior is} 28... Bxa2 29. Rd2 Qa1+ 30. Kh2 $17) 29. Rxa2 Bxa2 {[%emt 0:00:03][%mdl 4096] Endgame KQB-KQB} 30. Qc7 b5 31. Qxc6 b4 32. e5 Qxe5 {[%emt 0:01:25] Strongly threatening ...Qe1+.} 33. Be4 Be6 {[%emt 0:01:56] White must now prevent ...b3.} 34. Qb7 Qc3 ({Stronger than} 34... Bxh3 35. Qxb4 Bg4 36. Kg2 $17) 35. Bd5 Bxd5 {[%emt 0:00:24][%mdl 64] [#] Remove Defender. Black mates.} ({Worse is} 35... Bxh3 36. Qxf7+ Kh6 37. Kh2 $11) 36. Qxd5 b3 37. Kg2 b2 38. Qe4 Qb3 39. Qb1 Qd5+ {[%emt 0:00:09] Weighted Error Value: White=0.76/Black=0.08 (flawless)} 0-1